AoeStats
← lamanito6

Pilgrims

507504565Analyzed
3v3 RM · 14d ago on Sep 18, 2026· 53m 36s· 6 players
Game mode
Random Map
Map size
Normal (6 player)
Population
200
Speed
Normal
Resources
Standard
Victory
Conquest
Starting age
Dark Age
Ending age
Imperial Age
RankedLock teamsTeams togetherTeam positionsShared explorationLock speedFull tech treeHidden civsTurbo modeCheats
Victory
Defeat
🇨🇴 Vikings · Colombia
1162
+16
🇷🇺 Franks · Russia
1143
+17
🇪🇸 Portuguese · Spain
1143
+17
1216
-19
🇻🇳 Koreans · Vietnam
1179
-17
🇹🇼 Wei · Taiwan
1091
-14
MemeManVai
3:55 Loom
10:21 Feudal Age
11:02 Double-Bit Axe
13:41 Wheelbarrow
14:17 Fishing Lines
15:47 Gold Mining
16:28 Stone Mining
21:53 Castle Age
23:01 Medium Warships
23:56 Bow Saw
25:20 Gold Shaft Mining
25:36 Fletching
29:49 Forging
29:52 Horse Collar
31:51 Heavy Plow
32:58 Scale Mail Armor
32:59 Gambesons
34:22 Iron Casting
34:03 Chain Mail Armor
34:41 Hand Cart
34:49 Squires
36:01 Bodkin Arrow
36:10 Eupseong
39:25 Imperial Age
37:18 Town Watch
38:23 Stone Shaft Mining
39:26 Elite Fire Lancer
40:38 Plate Mail Armor
40:09 Bracer
41:06 Heavy Rocket Cart
46:37 Chemistry
45:50 Arson
48:10 Conscription
53:25 Shinkichon
How do you turn this on
2:37 Loom
10:25 Feudal Age
10:50 Town Watch
11:56 Gold Mining
11:53 Double-Bit Axe
12:55 Horse Collar
21:41 Scale Mail Armor
26:22 Castle Age
24:44 Stone Mining
25:54 Forging
25:54 Fletching
27:46 Wheelbarrow
28:08 Chain Mail Armor
XiaoZhan
14:09 Feudal Age
16:02 Double-Bit Axe
18:12 Wheelbarrow
17:23 Town Watch
17:24 Loom
17:49 Scale Barding Armor
21:17 Bloodlines
24:10 Forging
28:11 Castle Age
27:41 Horse Collar
29:09 Husbandry
32:03 Chain Barding Armor
34:12 Hand Cart
lamanito6
10:38 Feudal Age
11:53 Double-Bit Axe
12:40 Fishing Lines
19:10 Castle Age
17:13 Fletching
27:22 Bodkin Arrow
31:26 Gillnets
31:48 Medium Warships
34:41 Ballistics
39:23 Imperial Age
38:28 Careening
38:28 Clinker Construction
41:03 Heavy Warships
41:05 Bracer
41:28 Dry Dock
43:20 Elite Organ Gun
44:12 Circumnavigation
46:49 Chemistry
46:10 Carvel Hull
48:15 Arquebus
NOHCHO
9:38 Loom
11:43 Feudal Age
12:27 Double-Bit Axe
18:28 Castle Age
17:14 Fishing Lines
19:22 Medium Warships
19:30 Bow Saw
20:04 Scale Barding Armor
20:55 Wheelbarrow
21:04 Gold Mining
22:42 Gillnets
26:15 Husbandry
28:12 Forging
32:17 Imperial Age
30:10 Fletching
33:27 Stone Mining
34:41 Heavy Warships
35:47 #83
36:48 Hand Cart
38:05 Conscription
38:17 Bodkin Arrow
39:48 Gold Shaft Mining
40:46 Elite Throwing Axeman
41:32 Padded Archer Armor
42:34 Leather Archer Armor
43:06 Scale Mail Armor
44:12 Town Watch
44:47 Chain Mail Armor
45:22 Ballistics
46:38 Plate Mail Armor
49:51 Cavalier
53:05 Chemistry
51:35 Paladin
53:07 Light Cavalry
[IMGG]Poncho
6:44 Loom
11:28 Feudal Age
12:34 Double-Bit Axe
14:54 Loom
14:55 Horse Collar
20:13 Fletching
23:14 Castle Age
22:11 Padded Archer Armor
22:05 Gold Mining
23:05 Town Watch
24:30 Bodkin Arrow
25:39 Ballistics
25:17 Crossbowman
26:49 Leather Archer Armor
37:22 Horse Collar
39:24 Heavy Plow
46:08 Imperial Age
44:15 Treadmill Crane
46:43 Squires
46:46 Chieftains
47:09 Bracer
47:20 Scale Mail Armor
47:20 Arbalester
48:40 Chain Mail Armor
48:36 Forging
49:30 Chemistry
48:56 Conscription
48:44 Arson
49:07 Bogsveigar
50:46 Plate Mail Armor
50:57 Ring Archer Armor
51:02 Iron Casting
51:02 Elite Berserk
53:21 Blast Furnace
Connection lost

Rejoining the realm…

Still unreachable

The connection could not be restored.

Session expired

The server has moved on; the page needs a fresh start.